 Dungeon Crawl Stone Soup version 0.26.1-11-gd32895ea62 (webtiles) character file.

Game seed: 9237900618548174800

121 Tirrikindir the Ducker (level 5, 0/36 HPs)
             Began as an Octopode Fighter on June 2, 2021.
             Slain by a gnoll
             ... wielding a +0 spear
              (1 damage)
             ... on level 2 of the Dungeon.
             The game lasted 00:02:51 (1495 turns).

Tirrikindir the Ducker (Octopode Fighter)           Turns: 1495, Time: 00:02:51

Health: 0/36       AC:  1    Str: 15    XL:     5   Next: 5%
Magic:  5/5        EV: 12    Int: 11    God:
Gold:   92         SH:  9    Dex: 12    Spells: 4/4 levels left

rFire    + . .     SeeInvis .   a - +1 long sword
rCold    + . .     Faith    .   b - +0 kite shield
rNeg     . . .     Spirit   .   (helmet restricted)
rPois    +         Reflect  .   (no amulet)
rElec    +         Harm     .   (no ring)
rCorr    +         Rampage  .   (no ring)
Will     .....                  (no ring)
Stlth    +++.......             (no ring)
HPRegen  0.12/turn              (no ring)
MPRegen  0.09/turn              (no ring)
                                (no ring)
                                (no ring)

@: resistant, attractive
A: almost no armour, stealthy swim, amphibious, 8 rings, constrict 8, camouflage
1, gelatinous body 1
a: no special abilities


You were on level 2 of the Dungeon.
You visited 1 branch of the dungeon, and saw 2 of its levels.

You collected 92 gold pieces.

Inventory:

Hand Weapons
 a - a +1 long sword (weapon)
 h - a +0 short sword
Missiles
 d - 11 poisoned darts (quivered)
Armour
 b - a +0 kite shield (worn)
Potions
 g - a potion of magic


   Skills:
 + Level 3.5 Fighting
 * Level 3.3 Long Blades
 + Level 3.5 Dodging
 + Level 2.4 Stealth
 + Level 3.4 Shields


You had 4 spell levels left.
You didn't know any spells.
Your spell library was empty.

Dungeon Overview and Level Annotations

Branches:
Dungeon (2/15)

Altars:
Vehumet


Innate Abilities, Weirdness & Mutations

You cannot wear most types of armour.
You are very stealthy in the water. (Stealth+)
You are amphibious.
You can wear up to eight rings at the same time.
You can use your tentacles to constrict eight enemies at once.
Your skin changes colour to match your surroundings (Stealth+).
Your rubbery body absorbs attacks. (AC +1, EV +1)


Message History

The hobgoblin hits you but does no damage.
The gnoll hits you but does no damage. The gnoll barely misses you.
You riposte.
You closely miss the gnoll. Your grab misses the gnoll.
It was a potion of resistance.
You feel protected. The hobgoblin misses you. You block the gnoll's attack.
It was a potion of attraction.
You feel attractive to monsters. The hobgoblin hits you with a +0 club.
* * * LOW HITPOINT WARNING * * *
The gnoll closely misses you.
Okay, then.
You barely miss the gnoll. Your grab misses the gnoll.
The gnoll closely misses you. The hobgoblin misses you.
You block the gnoll's attack.
You hit the gnoll. Your grab misses the gnoll.
The gnoll is lightly wounded.
You block the hobgoblin's attack. The gnoll hits you with a +0 spear.
You die...

#. S.. #..
##.## ..#...
.... ...####.##
# #.......###
.#
######....###.#
#.##g....#
#rg@...#.#
######.#.#
##.#.#
..######....#
...........##
..######.###
#.# #)# #)#


You could see a gnoll, a hobgoblin and a rat.

Vanquished Creatures
  A jelly (D:1)
  4 gnolls
  4 oozes (D:1)
  A dart slug (D:1)
  A leopard gecko (D:1)
  5 giant cockroaches (D:1)
  4 goblins (D:1)
  2 jackals (D:1)
  3 kobolds (D:1)
  3 bats (D:1)
  3 frilled lizards (D:1)
  5 rats (D:1)
36 creatures vanquished.

Vanquished Creatures (others)
  A plant (D:1)
1 creature vanquished.

Grand Total: 37 creatures vanquished

Notes
Turn   | Place    | Note
-------+----------+-------------------------------------------
     0 | D:1      | Tirrikindir the Octopode Fighter began the quest for the
                  | Orb.
     0 | D:1      | Reached XP level 1. HP: 16/16 MP: 1/1
     1 | D:1      | Found a runed translucent door.
     1 | D:1      | Noticed a jelly
   145 | D:1      | Reached skill level 1 in Stealth
   145 | D:1      | Reached XP level 2. HP: 5/21 MP: 2/2
   513 | D:1      | Reached XP level 3. HP: 19/26 MP: 3/3
   520 | D:1      | Reached XP level 4. HP: 13/31 MP: 4/4
  1475 | D:2      | HP: 1/31 [gnoll/+0 spear (13)]
  1476 | D:2      | Reached XP level 5. HP: 1/36 MP: 5/5
  1486 | D:2      | HP: 1/36 [hobgoblin/+0 club (1)]
  1487 | D:2      | Found a radiant altar of Vehumet.
  1493 | D:2      | HP: 1/36 [hobgoblin/+0 club (1)]
  1495 | D:2      | Slain by a gnoll

Illustrated notes

Levels and vault maps discovered:
D:1:      dpeg_arrival_caged_fury, layout_basic, serial_bayou_pond_e, hex_medium
D:2:      layout_rooms, gammafunk_temple_overflow_claw, vehumet_crystals,
          uniq_terence

Skill      XL: |  1  2  3  4 |
---------------+-------------+-----
Stealth        | 1 2 |  2.4
Long Blades    | 3 |  3.3
Fighting       | |  3.5
Dodging        | |  3.5
Shields        | |  3.4

Action                   |  1- 3 |  4- 6 || total
-------------------------+-------+-------++-------
Melee: Long sword        |    25 |    30 ||    55
       Constrict         |     5 |     7 ||    12
       Tentacles         |     4 |     5 ||     9
  Use: Scroll            |     2 |     2 ||     4
       Potion            |     1 |     2 ||     3
 Stab: Sleeping          |     1 |     5 ||     6
Armor: Skin              |     6 |     9 ||    15
Dodge: Dodged            |    19 |    17 ||    36
Block: Kite shield       |    19 |    17 ||    36
       Rpst.: Long sword |     4 |     5 ||     9
